 Dungeon Crawl Stone Soup version 0.26-a0-519-gb2f46efeda (webtiles) character file.

Game seed: 2739375979364743052

2116 BeastOfSaturn the Cleaver (level 9, -4/72 HPs)
             Began as a Demonspawn Gladiator on Aug 11, 2020.
             Was a Priest of Ru.
             Slain by a fire elemental (11 damage)
             ... summoned by a deep elf mage
             ... on level 9 of the Dungeon.
             The game lasted 00:20:12 (7999 turns).

BeastOfSaturn the Cleaver (Demonspawn Gladiator)    Turns: 7999, Time: 00:20:13

Health: -4/72      AC: 14    Str: 16    XL:     9   Next: 8%
Magic:  0/9        EV:  6    Int: 11    God:    Ru [***...]
Gold:   775        SH:  0    Dex: 15    Spells: 8/8 levels left

rFire    . . .     SeeInvis .   j - +1 battleaxe
rCold    . . .     Faith    .   (shield currently unavailable)
rNeg     . . .     Spirit   +   g - +1 plate armour
rPois    +         Reflect  .   (helmet restricted)
rElec    .         Harm     .   (no cloak)
rCorr    .                      (no gloves)
MR       +....                  (no boots)
Stlth    ..........             m - amulet of regeneration
HPRegen  0.62/turn              r - ring of protection from magic
MPRegen  0.22/turn              s - ring of poison resistance

@: liquid flames, glowing
A: horns 1, spiny 1, magic shield, magic regeneration, inexperienced 1
a: Draw Out Power, Renounce Religion


You were on level 9 of the Dungeon.
You worshipped Ru.
Ru was most pleased with you.
You visited 2 branches of the dungeon, and saw 10 of its levels.
You also visited: Sewer and Bailey.

You collected 775 gold pieces.

Inventory:

Hand Weapons
 a - a +1 war axe
 j - a +1 battleaxe (weapon)
 t - a +0 broad axe
Missiles
 d - 3 throwing nets (quivered)
Armour
 b - a +0 leather armour
 c - a +0 helmet
 g - a +1 plate armour (worn)
 p - a +2 leather armour of poison resistance
Jewellery
 m - an amulet of regeneration (around neck)
 r - a ring of protection from magic (left hand)
 s - a ring of poison resistance (right hand)
 w - an uncursed ring of resist corrosion
 z - a +4 ring of protection {unknown}
 B - an uncursed ring of wizardry
Wands
 o - a wand of digging (5)
 v - a wand of enslavement (11)
 y - a wand of paralysis (6)
 D - a wand of acid (9)
 E - a wand of polymorph (5)
 F - a wand of disintegration (4)
Scrolls
 e - 7 scrolls of teleportation
 f - 5 scrolls of identify
 h - 8 scrolls of remove curse
 k - 2 scrolls of enchant armour
 l - 3 scrolls of blinking
 x - 2 scrolls of magic mapping
 A - a scroll of amnesia {unknown}
 G - a scroll of silence {unknown}
 I - a scroll of fear {unknown}
Potions
 i - 2 potions of stabbing
 n - 2 potions of invisibility
 q - a potion of mutation
 u - 3 potions of heal wounds {unknown}
 C - a potion of haste {unknown}
 H - a potion of brilliance {unknown}


   Skills:
 * Level 7.2 Fighting
 * Level 11.5 Axes
 - Level 1.7 Throwing
 * Level 8.4 Armour
 - Level 3.0 Dodging


You had 8 spell levels left.
You didn't know any spells.
Your spell library contained the following spells:

 Spells                   Type           Power        Failure   Level
 Animate Skeleton         Necr           #.....       100%        1
 Apportation              Tloc           #.....       100%        1
 Corona                   Hex            #......      100%        1
 Summon Small Mammal      Summ           #...         100%        1


Dungeon Overview and Level Annotations

Branches:
Dungeon (9/15)             Temple (1/1) D:7           Sewer (visited)
 Bailey (visited)
   Lair: D:8-11         Orc: D:9-12

Altars:
Ashenzari
Cheibriados
Elyvilon
Fedhas
Gozag
Hepliaklqana
Makhleb
Nemelex Xobeh
Okawaru
Qazlal
Ru
Sif Muna
Trog
Uskayaw
Vehumet
Wu Jian
Yredelemnul
Zin
The Shining One

Shops:
D:8 (=


Innate Abilities, Weirdness & Mutations

You have a pair of small horns on your head.
You are partially covered in sharp spines.
When hurt, damage is shared between your health and your magic reserves.
You regenerate magic rapidly.
You are somewhat inexperienced. (-2 XL)


Message History

The deep elf mage is moderately wounded.
You hit the fire elemental. You slash the fire elemental!
The fire elemental hits you. The fire elemental burns you!
You focus your will and illuminate the fire elemental in retribution!
The fire elemental hits you. The fire elemental burns you!
The fire elemental is struck by your spines.
The fire elemental hits you. The fire elemental burns you!
The deep elf mage casts a spell at you. The sticky flame hits you.
You are covered in liquid flames!
* * * LOW HITPOINT WARNING * * *
You are covered in liquid flames!
* * * LOW HITPOINT WARNING * * *
The fire elemental hits you. The fire elemental burns you!
* * * LOW HITPOINT WARNING * * *
The fire elemental is struck by your spines.
The fire elemental hits you.
* * * LOW HITPOINT WARNING * * *
The fire elemental burns you!
You die...

############.........#
.....................#
.....................#
#####..####.........#
#..# #.........# #..#
#........ #..#
#........
######..####........
.........@EEĀ°......
.........E.e......
......######..####
...... ..# ...... .#
...... .# ..... . ! ..


You could see a deep elf mage and 3 fire elementals.

Vanquished Creatures
  A wolf spider zombie (D:7)
  2 deep elf magi (D:7)
  3 centaur zombies (D:7)
  4 centaur skeletons (D:7)
  2 kobold demonologists (Bailey)
  2 hellwings (D:7)
  Grinder (D:4)
  Sigmund (D:2)
  11 orc warriors
  A black bear (D:7)
  A sky beast (D:6)
  3 ice beasts
  A phantom (D:7)
  5 ogres
  A big kobold (D:7)
  3 bullfrogs
  2 scorpions
  3 howler monkeys (D:7)
  4 electric eels (Bailey)
  A bullfrog zombie (D:7)
  3 orc priests
  6 hounds
  A bullfrog skeleton (D:6)
  6 worker ants
  Natasha (thrice) (D:4)
  An iguana (D:6)
  9 orc wizards
  7 adders
  12 gnolls
  4 shadow imps (D:7)
  A white imp (D:6)
  2 oozes
  An adder skeleton (D:5)
  An adder zombie (D:8)
  2 worms (D:2)
  4 dart slugs (D:1)
  4 leopard geckos
  31 orcs
  7 bats
  15 giant cockroaches
  14 goblins
  15 hobgoblins
  10 jackals
  11 kobolds
  2 quokkas
  6 ball pythons
  9 frilled lizards
  A jackal zombie (D:5)
  11 rats
251 creatures vanquished.

Vanquished Creatures (others)
  A withered plant (D:7)
1 creature vanquished.

Grand Total: 252 creatures vanquished

Notes
Turn   | Place    | Note
-------+----------+-------------------------------------------
     0 | D:1      | BeastOfSaturn the Demonspawn Gladiator began the quest for
                  | the Orb.
     0 | D:1      | Reached XP level 1. HP: 16/16 MP: 1/1
   270 | D:1      | Gained mutation: When hurt, damage is shared between your
                  | health and your magic reserves. [demonic ancestry]
   270 | D:1      | Reached XP level 2. HP: 22/22 MP: 2/2
   292 | D:1      | Reached skill level 3 in Axes
   514 | D:1      | Reached XP level 3. HP: 26/27 MP: 3/3
   728 | D:2      | Found an ornate altar of the Wu Jian Council.
   765 | D:2      | Noticed Sigmund
  1240 | D:1      | Reached skill level 1 in Armour
  1431 | D:2      | Gained mutation: You are partially covered in sharp spines.
                  | [demonic ancestry]
  1431 | D:2      | Reached XP level 4. HP: 33/34 MP: 2/4
  1524 | D:2      | Reached skill level 4 in Axes
  2196 | D:2      | Killed Sigmund
  2196 | D:2      | Reached XP level 5. HP: 24/40 MP: 2/5
  2292 | D:3      | Gained mutation: You regenerate magic rapidly. [demonic
                  | ancestry]
  2292 | D:3      | Reached XP level 6. HP: 43/46 MP: 6/6
  2438 | D:3      | Found a glowing drain.
  2450 | Sewer    | Entered a sewer
  2595 | Sewer    | Reached skill level 5 in Axes
  2725 | D:3      | Found an iron altar of Okawaru.
  2763 | D:3      | Found a sparkling altar of Nemelex Xobeh.
  3011 | D:4      | Noticed Natasha
  3017 | D:4      | Killed Natasha
  3032 | D:4      | Noticed Grinder
  3041 | D:4      | Paralysed by Grinder for 6 turns
  3049 | D:4      | Killed Grinder
  3049 | D:4      | Reached XP level 7. HP: 25/52 MP: 3/7
  3142 | D:4      | Reached skill level 6 in Axes
  3405 | D:4      | Gained mutation: You have a pair of small horns on your
                  | head. [demonic ancestry]
  3405 | D:4      | Reached XP level 8. HP: 44/60 MP: 4/8
  3618 | D:4      | Noticed Natasha
  3626 | D:4      | Killed Natasha
  3626 | D:4      | Reached skill level 7 in Axes
  3723 | D:4      | Noticed Natasha
  3732 | D:4      | Killed Natasha
  3768 | D:5      | Entered Level 5 of the Dungeon
  4193 | D:6      | Reached skill level 5 in Armour
  4702 | D:6      | Reached skill level 8 in Axes
  4857 | D:6      | Reached XP level 9. HP: 23/67 MP: 6/9
  5224 | D:7      | Noticed a hellwing
  5225 | D:7      | Reached skill level 5 in Fighting
  5270 | D:7      | Killed a hellwing
  5270 | D:7      | Reached skill level 9 in Axes
  5298 | D:7      | Reached skill level 10 in Axes
  5301 | D:7      | Reached XP level 10. HP: 40/76 MP: 8/10
  5417 | D:7      | Found a staircase to the Ecumenical Temple.
  5423 | Temple   | Entered the Ecumenical Temple
  5663 | Temple   | Became a worshipper of Ru the Awakened
  5733 | D:7      | Found a flagged portal.
  5743 | Bailey   | Entered a bailey
  5786 | Bailey   | Found an iron altar of Okawaru.
  6362 | Bailey   | Acquired an uncursed ring of poison resistance
  6574 | Bailey   | Reached skill level 11 in Axes
  7129 | D:7      | Found a shimmering blue altar of Sif Muna.
  7130 | D:7      | Noticed a deep elf mage
  7130 | D:7      | Noticed a deep elf mage
  7140 | D:7      | Killed a deep elf mage
  7151 | D:7      | Killed a deep elf mage
  7462 | D:8      | Found a blossoming altar of Fedhas.
  7534 | D:8      | Gained mutation: You are somewhat inexperienced. (-2 XL)
                  | [Ru sacrifice]
  7534 | D:8      | Reached XP level 9. HP: 72/72 MP: 9/9
  7534 | D:8      | Reached XP level 8. HP: 67/67 MP: 8/8
  7534 | D:8      | Reached * piety under Ru
  7534 | D:8      | Reached ** piety under Ru
  7534 | D:8      | Reached *** piety under Ru
  7552 | D:8      | Reached XP level 9. HP: 44/72 MP: 4/9
  7703 | D:8      | Found Bych's Jewellery Shoppe.
  7939 | D:8      | Found Paocuigo's Antique Weapon Shop.
  7988 | D:9      | Noticed a deep elf mage
  7999 | D:9      | Slain by a fire elemental

Illustrated notes

Levels and vault maps discovered:
D:1:      lightli_arrival_boilingwater, layout_basic
D:2:      layout_basic, lemuel_tele_altar, uniq_sigmund
D:3:      layout_basic, nemelex_altar_shiori, portal_sewer_entry_b,
          okawaru_metal_pillars_1_2
D:4:      layout_rooms, uniq_natasha, uniq_grinder
D:5:      layout_basic
D:6:      layout_gridville
D:7:      cheibrodos_grave_circle, layout_basic, minmay_temple_entry_fiery,
          enter_bailey_2, david_defended_altar_elf
D:8:      layout_loops_ring, basic_altar, serial_shops, kennysheep_mini, shop
D:9:      layout_small_grid, dpeg_lair_monsters, minmay_protected_statue
Temple:   roderic_octagonal_lattice_temple

Skill      XL: |  1  2  3  4  5  6  7  8  9 10 |
---------------+-------------------------------+-----
Axes           | 3 4 5 6 8 10 11 | 11.5
Dodging        | 3 |  3.0
Armour         | 1 2 4 5 7 8 |  8.4
Fighting       | 3 4 6 7 |  7.2
Throwing       | |  1.7

Action                   |  1- 3 |  4- 6 |  7- 9 | 10-12 || total
-------------------------+-------+-------+-------+-------++-------
Melee: War axe           |   119 |   109 |   243 |    55 ||   526
       Headbutt          |       |       |    40 |    34 ||    74
       Battleaxe         |       |       |    16 |   149 ||   165
Invok: Sacrifice Experie |       |       |     1 |       ||     1
  Use: Scroll            |       |     5 |     8 |     3 ||    16
       Potion            |       |       |     5 |     4 ||     9
Armor: Plate armour      |   116 |    75 |   168 |    81 ||   440
       Leather armour    |     4 |       |       |       ||     4
       Skin              |       |       |    75 |    67 ||   142
Dodge: Dodged            |    42 |    29 |    74 |    48 ||   193

Table legend: (Time is in decaauts)
 A = Elapsed time spent in this place.
 B = Non-inter-level travel time spent in this place.
 C = Inter-level travel time spent in this place.
 D = Time resting spent in this place.
 E = Time spent auto-exploring this place.
 F = Levels seen in this place.
 G = Mean time per level.
                   A        B        C        D        E       F      G
               +--------+--------+--------+--------+--------+-----+--------+
         Total |   8193 |   7967 |    226 |   1151 |   4898 |  12 |  682.8 |
       Dungeon |   6535 |   6330 |    205 |    560 |   4295 |   9 |  726.1 |
        Temple |    261 |    240 |     21 |    100 |    131 |   1 |  261.0 |
         Sewer |    247 |    247 |      0 |      0 |     88 |   1 |  247.0 |
        Bailey |   1148 |   1148 |      0 |    491 |    384 |   1 | 1148.0 |
               +--------+--------+--------+--------+--------+-----+--------+

Top non-repeatable levels by time:
     D:1: 1240 daAuts
  Bailey: 1148 daAuts
     D:2: 1065 daAuts
     D:7: 960 daAuts
     D:6: 936 daAuts
     D:4: 770 daAuts
     D:3: 579 daAuts
     D:8: 534 daAuts
     D:5: 403 daAuts
  Temple: 261 daAuts
   Sewer: 247 daAuts
     D:9: 44 daAuts
